 Dungeon Crawl Stone Soup version 0.30-a0-329-g85436e0a43 (webtiles) character file.

Game seed: 5067279490046093000

18299 ptdevnull the Carver (level 12, -1/93 (97) HPs)
             Began as a Demonspawn Gladiator on Oct 29, 2022.
             Was an Elder of Makhleb.
             Killed from afar by an orc sorcerer (19 damage)
             ... with a bolt of negative energy
             ... led by an orc knight
             ... on level 2 of the Orcish Mines.
             The game lasted 00:30:36 (12768 turns).

ptdevnull the Carver (Demonspawn Gladiator)        Turns: 12768, Time: 00:30:37

HP:   -1/93 (97)    AC: 16    Str: 22    XL:     12   Next: 26%
MP:   28/28         EV: 15    Int: 13    God:    Makhleb [****..]
Gold: 904           SH:  0    Dex: 27    Spells: 11/11 levels left

rFire   + . .      SeeInvis .    a - +7 scimitar "Nuoras" {freeze, rC+ Str+5}
rCold   + . .      Faith    .    (no shield)
rNeg    . . .      Spirit   .    k - +2 ring mail {rF+}
rPois   .          Reflect  .    t - +1 helmet
rElec   +          Harm     .    (no cloak)
rCorr   .          Rampage  .    o - +0 pair of gloves
Will    .....                    F - +1 pair of boots of Maegozuv {Drain rElec MP+9 Str+3}
Stlth   +++.......               H - amulet of regeneration
HPRegen 1.15/turn                S - +4 ring of protection
MPRegen 0.42/turn                K - +6 ring of dexterity

@: confused, lightly drained
A: hooves 1, thin skeletal structure 2, demonic guardian 3, magic regeneration
a: Renounce Religion, Minor Destruction, Lesser Servant of Makhleb, Major
Destruction


You were on level 2 of the Orcish Mines.
You worshipped Makhleb.
Makhleb was greatly pleased with you.
You visited 3 branches of the dungeon, and saw 15 of its levels.

You collected 1249 gold pieces.
You spent 345 gold pieces at shops.

Inventory:

Hand Weapons
 a - the +7 scimitar "Nuoras" (weapon) {freeze, rC+ Str+5}
   (You acquired it on level 9 of the Dungeon)

   It freezes those it strikes, dealing additional cold damage.
   It can also slow down cold-blooded creatures.
   Str:       It affects your strength (+5).
   rC:        It protects you from cold.
 b - the +8 dagger of Paghan {freeze, rElec Str+3 Stlth+}
   (You found it on level 9 of the Dungeon)

   It freezes those it strikes, dealing additional cold damage.
   It can also slow down cold-blooded creatures.
   Str:       It affects your strength (+3).
   rElec:     It insulates you from electricity.
   Stlth:     It makes you more stealthy.
 y - a +5 triple sword of flaming
 M - a -2 double sword
 N - a +1 long sword
 X - a +0 vampiric scimitar
Missiles
 d - 3 throwing nets (quivered)
 e - a javelin
Armour
 j - a +0 ring mail
 k - a +2 ring mail of fire resistance (worn)
 o - a +0 pair of gloves (worn)
 t - a +1 helmet (worn)
 F - the +1 pair of boots of Maegozuv (worn) {Drain rElec MP+9 Str+3}
   (You found it on level 4 of the Dungeon)

   Str:       It affects your strength (+3).
   rElec:     It insulates you from electricity.
   MP:        It affects your magic capacity (+9).
   Drain:     It drains your maximum health when unequipped.
 V - +0 acid dragon scales
Jewellery
 G - a +6 ring of strength
 H - an amulet of regeneration (around neck)
 K - a +6 ring of dexterity (right hand)
 S - a +4 ring of protection (left hand)
 W - a +4 ring of evasion
Wands
 J - a wand of iceblast (12)
 L - a wand of charming (9)
 O - a wand of polymorph (8)
 T - a wand of flame (10)
Scrolls
 c - 5 scrolls of immolation
 i - 4 scrolls of vulnerability
 l - a scroll of enchant weapon
 q - a scroll of silence
 r - 2 scrolls of fear
 u - 2 scrolls of magic mapping
 w - a scroll of amnesia
 x - 6 scrolls of butterflies
 C - 2 scrolls of enchant armour
 D - 2 scrolls of blinking
 E - 8 scrolls of teleportation
 I - 3 scrolls of poison
 Q - 2 scrolls of summoning
 U - a scroll of torment
Potions
 f - 2 potions of cancellation
 g - a potion of lignification {unknown}
 h - 2 potions of attraction {unknown}
 m - 4 potions of heal wounds
 n - 7 potions of curing
 p - a potion of magic {unknown}
 s - 2 potions of ambrosia
 v - 3 potions of mutation
 z - 2 potions of brilliance
 A - a potion of berserk rage {unknown}
 B - 2 potions of flight {unknown}
 P - 3 potions of might
 R - a potion of invisibility


   Skills:
 - Level 10.0 Fighting
 - Level 14.0 Long Blades
 - Level 1.7 Throwing
 + Level 4.9 Dodging
 + Level 4.3 Stealth
 - Level 10.0 Invocations


You had 11 spell levels left.
You didn't know any spells.
Your spell library contained the following spells:

 Spells                   Type           Power      Damage    Failure   Level
 Apportation              Tloc           0%         N/A       45%         1
 Beastly Appendage        Tmut           0%         N/A       45%         1
 Magic Dart               Conj           0%         1d3       45%         1
 Slow                     Hex            0%         N/A       45%         1
 Call Imp                 Summ           0%         N/A       58%         2
 Wereblood                Tmut           0%         N/A       58%         2
 Confusing Touch          Hex            0%         N/A       83%         3
 Gell's Gravitas          Tloc           0%         N/A       83%         3
 Ignite Poison            Fire/Tmut/Pois 0%         N/A       83%         3
 Kindle Blastsparks       Fire/Tloc/Air  0%         2d10      83%         3
 Mephitic Cloud           Conj/Pois/Air  0%         N/A       83%         3
 Ozocubu's Armour         Ice            0%         N/A       83%         3
 Spider Form              Tmut/Pois      0%         N/A       83%         3
 Stone Arrow              Conj/Erth      0%         3d7       83%         3
 Teleport Other           Tloc           0%         N/A       83%         3
 Vampiric Draining        Necr           0%         2d6       83%         3
 Fulminant Prism          Conj/Hex       0%         3d5       99%         4
 Iskenderun's Mystic Bla  Conj/Tloc      0%         2d3       99%         4
 Sticky Flame             Conj/Fire      0%         2d3       99%         4
 Alistair's Intoxication  Tmut/Pois      0%         N/A       100%        5
 Freezing Cloud           Conj/Ice/Air   0%         6-21      100%        5
 Iskenderun's Battlesphe  Conj           0%         2d6       100%        5
 Lee's Rapid Deconstruct  Erth           0%         3d4*      100%        5
 Yara's Violent Unravell  Hex/Tmut       0%         3d3       100%        5
 Dispersal                Tloc           0%         N/A       100%        6
 Enfeeble                 Hex            0%         N/A       100%        7


Dungeon Overview and Level Annotations

Branches:
Dungeon (12/15)            Temple (1/1) D:4            Lair (0/5) D:9
    Orc (2/2) D:11            Elf (0/3) Orc:2

Altars:
Ashenzari
Fedhas
Hepliaklqana
Makhleb
Nemelex Xobeh
Qazlal
Trog
Uskayaw
Wu Jian
Yredelemnul

Shops:
D:9 *   D:10 (   D:12 !   Orc:1 *


Innate Abilities, Weirdness & Mutations

You have large cloven feet.
You have a moderately thin skeletal structure. (Dex +4, Stealth++)
A powerful demonic guardian rushes to your aid.
You regenerate magic rapidly.


Message History

You kill the orc!
Makhleb accepts your kill.
You feel better.
Your orange demon stings the orc.
Your orange demon hits the orc but does no damage.
Your orange demon closely misses the orc knight.
Your orange demon hits the orc knight but does no damage.
You hear some strange, mumbled words.
You are confused.
The orc knight hits you with a +0 great sword!
The orc hits you but does no damage. x2
Are you sure you want to stumble around while confused and next to your orange demon?
Okay, then.
Are you sure you want to stumble around while confused and next to your orange demon?
Okay, then.
Your orange demon stings the orc!
The orc dies!
Makhleb accepts your kill.
Your orange demon stings the orc knight!
Your orange demon hits the orc knight but does no damage.
Something closely misses your orange demon.
The orc barely misses you.
The orc knight hits you with a +0 great sword!
Your orange demon completely misses the orc knight.
Your orange demon hits the orc knight.
The orc hits you but does no damage. The orc priest misses you.
The orc priest barely misses your orange demon.
The orc knight hits you with a +0 great sword!
The orc sorcerer points at you and mumbles some strange words.
The bolt of fire hits you! You resist.
A demonic guardian appears!
Your orange demon stings the orc knight!
Your orange demon hits the orc knight!
The orc knight looks weaker.
The orc knight completely misses you.
The orc priest mumbles some strange prayers to Beogh against you.
Beogh smites you!
* * * LOW HITPOINT WARNING * * *
The orc sorcerer points at you and mumbles some strange words.
The bolt of negative energy hits your reaper.
Your reaper completely resists.
The bolt of negative energy hits you!!
You feel drained.
You die...

,,,,,,,,,,*##*
*,*,*,*,*,##.##
,,,,,,,,,,#8..##
,,,,,,,,,,+....##
,,,,,,,,,,+^....##
,,,,,,,,,,+...[).##
,,,,,,,,,,#8......#
*,*,*,*,*,##...4o##
,,,,,,,,,,##..o)@.##
*****######....2o4.#***
#.)$...........#,*
####.)..o#.......#,***
#..))....##.........,**
####....$######.......,,*
#......o.# #........**
#......).#****#.......#,*
##..._..o..#*,,......$***


You could see an orc knight (weak, ally target), an orc sorcerer (ally target),
an orc priest, an orc, a friendly reaper (summoned) and 2 friendly orange
demons.

Vanquished Creatures
  4 two-headed ogres
  Sonja (D:10)
  2 orc sorcerers (Orc:1)
  A cyclops (D:12)
  2 manticores
  A gargoyle (D:10)
  An unseen horror (D:11)
  4 trolls
  3 shadows
  2 wraiths
  A vampire (D:10)
  26 yaks
  A wyvern (D:8)
  The ghost of Encipher the Trooper, an amateur DsRe (D:4)
  Duvessa (D:7)
  An acid dragon (D:11)
  2 water moccasins
  3 ice beasts
  A sky beast (D:7)
  9 orc warriors
  5 black bears
  3 ogres (Orc:1)
  6 centaurs
  2 phantoms
  4 kobold brigands
  9 bullfrogs
  A necrophage (D:6)
  A gnoll sergeant (D:12)
  A scorpion (D:9)
  4 wights
  5 killer bees (D:9)
  Dowan (D:7)
  3 howler monkeys
  8 hounds
  7 jellies
  13 orc priests
  14 orc wizards
  Natasha (thrice) (D:3)
  5 iguanas
  Robin (D:3)
  8 gnolls
  6 adders
  A shadow imp (D:7)
  A white imp (D:7)
  An ufetubus (D:6)
  3 worms
  4 dart slugs
  47 orcs
  10 bats
  8 endoplasms
  4 giant cockroaches
  11 goblins
  8 hobgoblins
  3 jackals (D:4)
  4 quokkas
  8 ball pythons
  A frilled lizard (D:1)
  17 kobolds
  6 rats
314 creatures vanquished.

Vanquished Creatures (collateral kills)
  An orc knight (Orc:1)
  A manticore (D:11)
  An orc warrior (D:8)
  A gnoll sergeant (Orc:1)
  An orc priest (D:6)
  A jelly (D:8)
  An orc wizard (D:5)
  A gnoll (Orc:1)
  11 orcs
  2 kobolds (D:7)
21 creatures vanquished.

Vanquished Creatures (others)
  46 fungi
  38 plants (D:9)
  5 toadstools (D:2)
89 creatures vanquished.

Grand Total: 424 creatures vanquished

Notes
Turn   | Place    | Note
-------+----------+-------------------------------------------
     0 | D:1      | ptdevnull the Demonspawn Gladiator began the quest for the
                  | Orb.
     0 | D:1      | Reached XP level 1. HP: 16/16 MP: 1/1
   131 | D:1      | Reached skill level 3 in Long Blades
   138 | D:1      | Gained mutation: You have large cloven feet. [demonic
                  | ancestry]
   138 | D:1      | Reached XP level 2. HP: 21/22 MP: 2/2
   513 | D:1      | Gained mutation: You regenerate magic rapidly. [demonic
                  | ancestry]
   513 | D:1      | Reached XP level 3. HP: 28/28 MP: 3/3
  1293 | D:3      | Noticed Robin
  1297 | D:3      | Killed Robin
  1304 | D:3      | Reached skill level 4 in Long Blades
  1349 | D:3      | Noticed Natasha
  1396 | D:3      | Killed Natasha
  1397 | D:3      | Reached XP level 4. HP: 8/35 MP: 4/4
  1771 | D:3      | You fall into a shaft and drop 1 floor!
  1867 | D:4      | Reached XP level 5. HP: 26/41 MP: 5/5
  1930 | D:4      | Found a runed translucent door.
  2072 | D:4      | Found a staircase to the Ecumenical Temple.
  2098 | Temple   | Entered the Ecumenical Temple
  2125 | Temple   | Became a worshipper of Makhleb the Destroyer
  2177 | D:4      | Reached skill level 5 in Long Blades
  2506 | D:4      | Noticed an ogre
  2534 | D:4      | Gained mutation: A weak demonic guardian rushes to your
                  | aid. [demonic ancestry]
  2534 | D:4      | Reached XP level 6. HP: 30/48 MP: 6/6
  2799 | D:3      | Noticed Natasha
  2808 | D:3      | Killed Natasha
  2972 | D:3      | Noticed Natasha
  2981 | D:3      | Killed Natasha
  3183 | D:4      | Noticed Encipher's ghost (amateur DsRe)
  3201 | D:4      | Reached skill level 1 in Invocations
  3265 | D:4      | Reached skill level 6 in Long Blades
  3265 | D:4      | Reached XP level 7. HP: 54/55 MP: 6/8
  3324 | D:4      | Reached * piety under Makhleb
  3329 | D:4      | Identified the +1 pair of boots of Maegozuv {Drain rElec
                  | MP+9 Str+3}
  3515 | D:4      | Killed Encipher's ghost
  3672 | D:5      | Entered Level 5 of the Dungeon
  3951 | D:5      | Reached skill level 5 in Fighting
  4561 | D:6      | HP: 1/56 [orc priest/divine providence (11)]
  4572 | D:6      | Reached skill level 7 in Long Blades
  4660 | D:6      | Gained mutation: You have a somewhat thin skeletal
                  | structure. (Dex +2, Stealth+) [demonic ancestry]
  4660 | D:6      | Reached XP level 8. HP: 44/62 MP: 10/10
  5086 | D:6      | Found a sparkling altar of Nemelex Xobeh.
  5297 | D:5      | Reached skill level 5 in Invocations
  5450 | D:5      | Reached skill level 8 in Long Blades
  5821 | D:6      | Gained mutation: A demonic guardian rushes to your aid.
                  | [demonic ancestry]
  5821 | D:6      | Reached XP level 9. HP: 51/71 MP: 13/13
  6406 | D:6      | Found a hazy altar of Hepliaklqana.
  6413 | D:6      | Found a stormy altar of Qazlal.
  6415 | D:6      | Found a basalt altar of Yredelemnul.
  6417 | D:6      | Found an ornate altar of the Wu Jian Council.
  6507 | D:7      | Reached skill level 9 in Long Blades
  6613 | D:7      | Reached ** piety under Makhleb
  7135 | D:7      | Noticed Duvessa
  7137 | D:7      | Noticed Dowan
  7147 | D:7      | Killed Duvessa
  7149 | D:7      | Killed Dowan
  7366 | D:7      | Found a hide-covered altar of Uskayaw.
  7505 | D:8      | Reached skill level 10 in Long Blades
  7544 | D:8      | Found a broken altar of Ashenzari.
  7809 | D:8      | Reached *** piety under Makhleb
  7810 | D:8      | Reached XP level 10. HP: 75/80 MP: 16/16
  7972 | D:8      | Noticed a two-headed ogre
  7980 | D:8      | Killed a two-headed ogre
  8478 | D:9      | Found Tamov's Lightly-Used Armoury.
  8482 | D:9      | Bought a -2 double sword for 70 gold pieces
  8484 | D:9      | Identified 2 scrolls of acquirement
  8484 | D:9      | Acquired the +7 scimitar "Nuoras" {freeze, rC+ Str+5}
  8487 | D:9      | Acquired a +5 triple sword of distortion
  8749 | D:9      | Reached skill level 11 in Long Blades
  8788 | D:9      | Found a staircase to the Lair.
  8827 | D:9      | Identified the +8 dagger of Paghan {freeze, rElec Str+3
                  | Stlth+}
  9084 | D:10     | Entered Level 10 of the Dungeon
  9090 | D:10     | Reached **** piety under Makhleb
  9139 | D:10     | Noticed a two-headed ogre
  9158 | D:10     | Reached skill level 10 in Invocations
  9164 | D:10     | Noticed Sonja
  9169 | D:10     | Killed a two-headed ogre
  9236 | D:10     | Killed Sonja
  9237 | D:10     | Gained mutation: A powerful demonic guardian rushes to your
                  | aid. [demonic ancestry]
  9237 | D:10     | Reached XP level 11. HP: 75/83 MP: 18/18
  9261 | D:10     | Reached skill level 12 in Long Blades
  9478 | D:10     | Found Julo's Weapon Emporium.
  9582 | D:10     | Found a blossoming altar of Fedhas.
 10446 | D:11     | Found a staircase to the Orcish Mines.
 10557 | D:11     | Reached skill level 10 in Fighting
 10577 | D:11     | Reached skill level 13 in Long Blades
 10579 | D:11     | Identified the +1 robe of Darkness {Drain Dex+6}
 10635 | D:11     | Got the Anthology of Harmful Frostbite
 11505 | D:12     | Found Lidgher's Distillery.
 11513 | D:12     | Bought a potion of might for 44 gold pieces
 11513 | D:12     | Bought a potion of heal wounds for 55 gold pieces
 11513 | D:12     | Bought a potion of might for 44 gold pieces
 11513 | D:12     | Bought a potion of invisibility for 88 gold pieces
 11513 | D:12     | Bought a potion of might for 44 gold pieces
 11848 | D:12     | Reached skill level 14 in Long Blades
 12092 | Orc:1    | Entered Level 1 of the Orcish Mines
 12092 | Orc:1    | Noticed a two-headed ogre
 12098 | Orc:1    | Killed a two-headed ogre
 12099 | Orc:1    | Reached skill level 1 in Stealth
 12133 | Orc:1    | Noticed an orc sorcerer
 12136 | Orc:1    | Gained mutation: You have a moderately thin skeletal
                  | structure. (Dex +4, Stealth++) [demonic ancestry]
 12136 | Orc:1    | Reached XP level 12. HP: 88/97 MP: 19/19
 12203 | Orc:1    | Found a bloodstained altar of Trog.
 12483 | Orc:1    | Found Jujaes's Assorted Antiques.
 12597 | Orc:2    | Entered Level 2 of the Orcish Mines
 12597 | Orc:2    | Noticed a two-headed ogre
 12602 | Orc:2    | Killed a two-headed ogre
 12768 | Orc:2    | Killed from afar by an orc sorcerer

Illustrated notes

Levels and vault maps discovered:
D:1:      erik_arrival_orb_chamber, layout_loops_ring
D:2:      layout_basic, minmay_gold_behind_fungi,
          chequers_serial_rivers_small_a, chequers_garden
D:3:      layout_basic, uniq_robin, uniq_natasha
D:4:      minmay_diamond_boxcup, layout_loops_ring, temple_doors_e,
          ebering_ghost_sewer_d
D:5:      layout_gridville
D:6:      layout_gridville, mainiacjoe_overflow_paths,
          chequers_temple_overflow_minitemple
D:7:      layout_basic, lemuel_round_altar, nicolae_uskayaw_dance_studio,
          uniq_duvessa
D:8:      layout_loops_ring, amcnicky_altar_gilded, roderic_nine_men_s_morris,
          minmay_starry_boxes
D:9:      layout_rooms, due_lair_maze_entry_diamond, minmay_shop_damaged
D:10:     layout_cave_pods, lemuel_coloured_pillars_altar, serial_rivers,
          chequers_serial_rivers_marsh, chequers_serial_rivers_large_a,
          chequers_serial_rivers_room_a, chequers_serial_rivers_micro_e,
          chequers_serial_rivers_room_a, serial_shops,
          nicolae_shop_bloodbath_and_beyond, uniq_sonja
D:11:     layout_basic, erik_orc_4
D:12:     layout_basic, serial_shops, shop
Temple:   nicolae_temple_slightly_damp_pantheon
Orc:1:    layout_diamond_mine, serial_shops, nicolae_shop_stone, basic_altar
Orc:2:    grunt_orc_tribal_feast, layout_diamond_mine, gauntlet_entry_generic,
          basic_altar, minmay_orc_temple_b

Skill      XL: |  1  2  3  4  5  6  7  8  9 10 11 12 |
---------------+-------------------------------------+-----
Long Blades    | 3 4 5 6 7 8 10 11 14 | 14.0
Fighting       | 3 4 5 6 7 9 10 | 10.0
Invocations    | 1 3 6 8 10 | 10.0
Dodging        | 3 4 |  4.9
Stealth        | 1 4 |  4.3
Throwing       | |  1.7

Action                   |  1- 3 |  4- 6 |  7- 9 | 10-12 || total
-------------------------+-------+-------+-------+-------++-------
Melee: Long sword        |   116 |   148 |   478 |    52 ||   794
       Kick              |    19 |    42 |     1 |       ||    62
       Punch             |     1 |     2 |     5 |     4 ||    12
       Scimitar          |       |       |       |   330 ||   330
Invok: Major Destruction |       |       |       |     1 ||     1
       Lesser Servant of |       |       |       |     4 ||     4
Evoke: Wand              |       |       |       |     2 ||     2
  Use: Scroll            |       |     2 |     9 |    11 ||    22
       Potion            |       |     1 |     3 |     1 ||     5
 Stab: Sleeping          |       |       |     4 |     3 ||     7
       Distracted        |       |       |     1 |     4 ||     5
Armor: Leather armour    |    10 |       |       |       ||    10
       Ring mail         |    35 |    76 |   216 |   185 ||   512
Dodge: Dodged            |    64 |    85 |   286 |   231 ||   666

Table legend: (Time is in decaauts)
 A = Elapsed time spent in this place.
 B = Non-inter-level travel time spent in this place.
 C = Inter-level travel time spent in this place.
 D = Time resting spent in this place.
 E = Time spent auto-exploring this place.
 F = Levels seen in this place.
 G = Mean time per level.
                   A        B        C        D        E       F      G
               +--------+--------+--------+--------+--------+-----+--------+
         Total |  12783 |  12108 |    675 |   1385 |   8018 |  15 |  852.2 |
       Dungeon |  12079 |  11446 |    633 |   1285 |   7656 |  12 | 1006.6 |
        Temple |     46 |     27 |     19 |      0 |     18 |   1 |   46.0 |
  Orcish Mines |    656 |    634 |     22 |    100 |    344 |   2 |  328.0 |
               +--------+--------+--------+--------+--------+-----+--------+

Top non-repeatable levels by time:
     D:5: 1520 daAuts
     D:4: 1444 daAuts
     D:6: 1427 daAuts
    D:10: 1214 daAuts
     D:8: 981 daAuts
     D:3: 964 daAuts
    D:12: 872 daAuts
     D:7: 864 daAuts
    D:11: 851 daAuts
     D:1: 648 daAuts
     D:9: 645 daAuts
     D:2: 644 daAuts
   Orc:1: 597 daAuts
   Orc:2: 59 daAuts
  Temple: 46 daAuts
